 Dungeon Crawl Stone Soup version 0.28-a0-1241-gf280a0fbb2 (webtiles) character file.

Game seed: 7743108538975579035

53 Gargoyl the Skirmisher (level 3, -1/35 HPs)
             Began as a Gnoll Abyssal Knight on Dec 26, 2021.
             Was a Follower of Lugonu.
             Slain by an iguana (6 damage)
             ... on level 2 of the Dungeon.
             The game lasted 00:02:08 (1907 turns).

Gargoyl the Skirmisher (Gnoll Abyssal Knight)       Turns: 1907, Time: 00:02:09

Health: -1/35      AC: 10    Str: 20      XL:     3   Next: 87%
Magic:  15/15      EV:  8    Int:  7 (9)  God:    Lugonu [*.....]
Gold:   69         SH:  0    Dex: 10 (12) Spells: 4/4 levels left

rFire   + . .      SeeInvis .   a - +1 hand axe
rCold   + . .      Faith    .   (no shield)
rNeg    . . .      Spirit   .   c - +0 chain mail
rPois   +          Reflect  .   d - +0 helmet
rElec   +          Harm     .   (no cloak)
rCorr   +          Rampage  .   (no gloves)
Will    .....                   (no boots)
Stlth   ..........              (no amulet)
HPRegen 0.11/turn               j - +6 ring of strength
MPRegen 0.14/turn               k - ring of magical power

@: resistant
A: fangs 1, strong nose, distributed training
a: Renounce Religion, Depart the Abyss


You were on level 2 of the Dungeon.
You worshipped Lugonu.
Lugonu was aware of your devotion.
You visited 1 branch of the dungeon, and saw 2 of its levels.
You visited the Abyss 1 time.

You collected 69 gold pieces.

Inventory:

Hand Weapons
 a - a +1 hand axe (weapon)
Armour
 c - a +0 chain mail (worn)
 d - a +0 helmet (worn)
Jewellery
 j - a +6 ring of strength (left hand)
 k - a ring of magical power (right hand)
Scrolls
 b - a scroll of teleportation {unknown}
 f - a scroll of enchant weapon {unknown}
 g - a scroll of blinking {unknown}
 i - a scroll of acquirement {unknown}
 l - 2 scrolls of identify {unknown}
Potions
 h - a potion of resistance


   Skills:
 + Level 6.5 Fighting
 + Level 1.0 Short Blades
 + Level 1.0 Long Blades
 + Level 4.6 Axes
 + Level 1.0 Maces & Flails
 + Level 1.0 Polearms
 + Level 1.0 Staves
 + Level 1.0 Slings
 + Level 1.0 Bows
 + Level 1.0 Crossbows
 + Level 1.0 Throwing
 + Level 4.6 Armour
 + Level 2.6 Dodging
 + Level 1.0 Stealth
 + Level 1.0 Shields
 + Level 1.0 Unarmed Combat
 + Level 1.0 Spellcasting
 + Level 0.7 Conjurations
 + Level 0.7 Hexes
 + Level 0.7 Summonings
 + Level 0.7 Necromancy
 + Level 0.7 Translocations
 + Level 0.7 Transmutations
 + Level 0.7 Fire Magic
 + Level 0.7 Ice Magic
 + Level 0.7 Air Magic
 + Level 0.7 Earth Magic
 + Level 0.7 Poison Magic
 + Level 4.6 Invocations
 + Level 1.0 Evocations


You had 4 spell levels left.
You didn't know any spells.
Your spell library contained the following spells:

 Spells                   Type           Power      Damage    Failure   Level
 Beastly Appendage        Tmut           2%         N/A       97%         1
 Shock                    Conj/Air       4%         1d3       97%         1
 Wereblood                Tmut           1%         N/A       99%         2
 Spider Form              Tmut/Pois      1%         N/A       100%        3
 Swiftness                Air            1%         N/A       100%        3
 Airstrike                Air            0%         N/A       100%        4


Dungeon Overview and Level Annotations

Branches:
Dungeon (2/15)

Altars:


Innate Abilities, Weirdness & Mutations

You have very sharp teeth.
Your uncanny sense of smell can sniff out nearby items.
Your experience applies equally to all skills.


Message History

You feel your intelligence returning.
Unknown command.
You see here a quokka corpse.
Unknown command.
Unknown command.
You open the door.
There is an open door here.
Found a ring mail.
An iguana comes into view.
An iguana is nearby!
The iguana closely misses you.
You hit the iguana but do no damage. The iguana bites you!
The iguana bites you.
You hit the iguana but do no damage. The iguana bites you.
You barely miss the iguana. The iguana bites you.
Unknown command.
You hit the iguana.
The iguana is lightly wounded.
The iguana barely misses you.
Unknown command.
You barely miss the iguana.
The iguana is lightly wounded.
The iguana barely misses you.
You closely miss the iguana.
The iguana is lightly wounded.
The iguana bites you but does no damage.
Unknown command.
It was a potion of curing.
You feel better. The iguana bites you.
You hit the iguana but do no damage.
The iguana is lightly wounded.
The iguana bites you.
You hit the iguana.
The iguana is moderately wounded.
The iguana bites you!
* * * LOW HITPOINT WARNING * * *
Unknown command.
It was a potion of resistance.
You feel protected. The iguana bites you.
You die...

### ##.#############
#..####..............#
#.......l@.#########.#
....####...## #.# #
##.## ##.# #. #.# #..#
#. #.# #.### ##.#
##+## #.#.## ###...##
##...## #..#.##
.......# ##.....##
#####.###.## #^.#.#
##.......###....##
##.#


You could see an iguana.

Vanquished Creatures
  An adder (D:2)
  A dart slug (D:2)
  2 bats (D:1)
  2 endoplasms
  5 giant cockroaches
  6 goblins
  6 hobgoblins
  A quokka (D:2)
  3 ball pythons (D:1)
  4 frilled lizards
  5 kobolds
  A rat (D:2)
  A spectral hobgoblin (D:1)
38 creatures vanquished.

Notes
Turn   | Place    | Note
-------+----------+-------------------------------------------
     0 | Abyss:1  | Gargoyl the Gnoll Abyssal Knight began the quest for the
                  | Orb.
     0 | Abyss:1  | Reached XP level 1. HP: 23/23 MP: 3/3
    58 | Abyss:1  | Noticed a small abomination
    58 | Abyss:1  | Noticed a small abomination
    64 | D:1      | Escaped the Abyss
   445 | D:1      | Reached XP level 2. HP: 29/29 MP: 5/5
   589 | D:1      | Found a faded altar of an unknown god.
   839 | D:1      | Reached * piety under Lugonu
  1108 | D:1      | Reached XP level 3. HP: 35/35 MP: 6/6
  1835 | D:2      | Reached skill level 1 in Short Blades
  1835 | D:2      | Reached skill level 1 in Long Blades
  1835 | D:2      | Reached skill level 1 in Maces & Flails
  1835 | D:2      | Reached skill level 1 in Polearms
  1835 | D:2      | Reached skill level 1 in Staves
  1835 | D:2      | Reached skill level 1 in Slings
  1835 | D:2      | Reached skill level 1 in Bows
  1835 | D:2      | Reached skill level 1 in Crossbows
  1835 | D:2      | Reached skill level 1 in Throwing
  1835 | D:2      | Reached skill level 1 in Stealth
  1835 | D:2      | Reached skill level 1 in Shields
  1835 | D:2      | Reached skill level 1 in Unarmed Combat
  1835 | D:2      | Reached skill level 1 in Spellcasting
  1835 | D:2      | Reached skill level 1 in Evocations
  1907 | D:2      | Slain by an iguana

Illustrated notes

Levels and vault maps discovered:
D:1:      grunt_arrival_lava_bath, layout_loops_corners,
          dreamdust_ecumenical_altar_drowned_temple
D:2:      layout_loops_corners

Skill      XL: |  1  2  3 |
---------------+----------+-----
Short Blades   | 1 |  1.0
Long Blades    | 1 |  1.0
Maces & Flails | 1 |  1.0
Polearms       | 1 |  1.0
Staves         | 1 |  1.0
Slings         | 1 |  1.0
Bows           | 1 |  1.0
Crossbows      | 1 |  1.0
Throwing       | 1 |  1.0
Stealth        | 1 |  1.0
Shields        | 1 |  1.0
Unarmed Combat | 1 |  1.0
Spellcasting   | 1 |  1.0
Evocations     | 1 |  1.0
Fighting       | |  6.5
Axes           | |  4.6
Armour         | |  4.6
Dodging        | |  2.6
Conjurations   | |  0.7
Hexes          | |  0.7
Summonings     | |  0.7
Necromancy     | |  0.7
Translocations | |  0.7
Transmutations | |  0.7
Fire Magic     | |  0.7
Ice Magic      | |  0.7
Air Magic      | |  0.7
Earth Magic    | |  0.7
Poison Magic   | |  0.7
Invocations    | |  4.6

Action                   || total
-------------------------++-------
Melee: Hand axe          ||   108
       Bite              ||     7
       Punch             ||     1
Invok: Depart the Abyss  ||     1
  Use: Potion            ||     3
Armor: Chain mail        ||    70
Dodge: Dodged            ||    31

Table legend: (Time is in decaauts)
 A = Elapsed time spent in this place.
 B = Non-inter-level travel time spent in this place.
 C = Inter-level travel time spent in this place.
 D = Time resting spent in this place.
 E = Time spent auto-exploring this place.
 F = Levels seen in this place.
 G = Mean time per level.
                   A        B        C        D        E       F      G
               +--------+--------+--------+--------+--------+-----+--------+
         Total |   1922 |   1902 |     20 |      0 |   1479 |   3 |  640.7 |
       Dungeon |   1858 |   1838 |     20 |      0 |   1458 |   2 |  929.0 |
         Abyss |     64 |     64 |      0 |      0 |     21 |   1 |   64.0 |
               +--------+--------+--------+--------+--------+-----+--------+

Top non-repeatable levels by time:
     D:1: 1117 daAuts
     D:2: 741 daAuts
 Abyss:1: 64 daAuts
